 Dungeon Crawl Stone Soup version 0.26-a0-1086-g9010512d90 (webtiles) character file.

Game seed: 8092233346619708687

90 sahdkjhfkaj the Chopper (level 4, -7/40 HPs)
             Began as a Hill Orc Monk on Dec 14, 2020.
             Killed from afar by an orc wizard (12 damage)
             ... with a puff of frost
             ... on level 4 of the Dungeon.
             The game lasted 00:02:22 (2676 turns).

sahdkjhfkaj the Chopper (Hill Orc Monk)             Turns: 2676, Time: 00:02:23

Health: -7/40      AC:  9    Str: 14    XL:     4   Next: 56%
Magic:  4/4        EV:  6    Int: 10    God:
Gold:   85         SH:  0    Dex: 13    Spells: 3/3 levels left

rFire    . . .     SeeInvis .   a - -1 war axe
rCold    . . .     Faith    .   (no shield)
rNeg     . . .     Spirit   .   i - +0 chain mail
rPois    .         Reflect  .   (no helmet)
rElec    .         Harm     .   (no cloak)
rCorr    .         Rampage  .   f - +0 pair of gloves
Will     .....                  (no boots)
Stlth    ..........             (no amulet)
HPRegen  0.13/turn              (no ring)
MPRegen  0.09/turn              (no ring)

@: no status effects
A: no striking features
a: no special abilities


You were on level 4 of the Dungeon.
You visited 1 branch of the dungeon, and saw 4 of its levels.

You collected 85 gold pieces.

Inventory:

Hand Weapons
 a - a -1 war axe (weapon)
   (You found it on level 3 of the Dungeon)
Armour
 f - a +0 pair of gloves (worn)
   (You found it on level 1 of the Dungeon)
 i - a +0 chain mail (worn)
   (You found it on level 1 of the Dungeon)
Jewellery
 l - a cursed ring of attention {unknown}
   (You found it on level 2 of the Dungeon)
 o - a cursed amulet of inaccuracy {unknown}
   (You found it on level 3 of the Dungeon)
Scrolls
 c - a scroll of random uselessness {unknown}
 d - a scroll of teleportation {@r4}
 e - a scroll of fear
 g - 2 scrolls of amnesia
 h - a scroll of identify {@r1}
Potions
 b - a potion of brilliance
 j - a potion of heal wounds {unknown}
 k - a potion of flight {unknown}
 m - 2 potions of curing {unknown}
 n - a potion of cancellation {unknown}
 p - a potion of lignification {unknown}


   Skills:
 - Level 3.7 Fighting
 + Level 6.7 Axes
 - Level 0.4 Armour
 - Level 2.4 Dodging
 - Level 1.5 Stealth


You had 3 spell levels left.
You didn't know any spells.
Your spell library was empty.

Dungeon Overview and Level Annotations

Branches:
Dungeon (4/15)
 Temple: D:4-7

Altars:
Kikubaaqudgha
Makhleb
Nemelex Xobeh
Qazlal
Xom


Message History

You barely miss the orc. You closely miss the jackal. You hit the orc.
You hear the slow rusting of a drain nearby.
The orc hits you but does no damage. The jackal bites you.
The orc barely misses you.
The orc hits you from afar with a +0 trident.
You slash the orc!
You kill the orc!
You hit the orc.
You kill the orc!
You slash the jackal!
You kill the jackal!
The orc hits you but does no damage. The orc hits you with a +0 trident.
You closely miss the orc.
An orc comes into view. It is wielding a +0 short sword.
The orc hits you but does no damage.
The orc shouts!
You slash the orc!
You kill the orc!
You closely miss the orc. The orc hits you but does no damage.
You hit the orc. The orc barely misses you.
You slash the orc!
You kill the orc!
No target in view!
No target in view!
No target in view!
No target in view!
No target in view!
No target in view!
No target in view!
A howler monkey comes into view.
A howler monkey is nearby!
An orc comes into view. It is wielding a -2 trident.
The orc shouts!
The howler monkey howls!
You hear a shout! x2
You see here an orc corpse.
There are monsters nearby!
An orc wizard comes into view. It is wielding a +0 dagger.
The orc hits you but does no damage.
You hit the orc.
The orc hits you with a cursed -2 trident!
* * * LOW HITPOINT WARNING * * *
An orc comes into view. It is wielding a +0 flail.
The orc shouts!
The orc hits you from afar with a cursed -2 trident.
* * * LOW HITPOINT WARNING * * *
The howler monkey hits you.
* * * LOW HITPOINT WARNING * * *
The orc wizard gestures at you while chanting.
The puff of frost hits you!
You die...

o## # ## ..## .#.
#. o..##..... #..
#...#....$
.####.##.........
......o.........#
.........h......
##.#..##@....#.
##.##†....#
#.).....## .###
#...)...# ...##
#.....#.####....#
#.....##..#.....##
########..........
##..###....
#...##....


You could see a howler monkey, an orc wizard and 2 orcs.

Vanquished Creatures
  An ooze (D:1)
  3 worms (D:2)
  2 dart slugs
  4 leopard geckos
  4 orcs (D:4)
  A ball python (D:3)
  6 giant cockroaches
  4 goblins
  6 hobgoblins
  9 jackals
  2 quokkas
  2 bats
  2 frilled lizards
  7 kobolds
  5 rats
  A butterfly (D:2)
59 creatures vanquished.

Notes
Turn   | Place    | Note
-------+----------+-------------------------------------------
     0 | D:1      | sahdkjhfkaj the Hill Orc Monk began the quest for the Orb.
     0 | D:1      | Reached XP level 1. HP: 19/19 MP: 1/1
    48 | D:1      | Reached XP level 2. HP: 19/26 MP: 2/2
   159 | D:1      | Reached skill level 5 in Axes
   541 | D:1      | Reached XP level 3. HP: 28/31 MP: 3/3
   878 | D:2      | Found a sparkling altar of Nemelex Xobeh.
  1234 | D:2      | Reached skill level 6 in Axes
  1653 | D:2      | Found a stormy altar of Qazlal.
  1687 | D:2      | Found a shimmering altar of Xom.
  1864 | D:3      | Reached XP level 4. HP: 36/40 MP: 4/4
  1987 | D:3      | Found an ancient bone altar of Kikubaaqudgha.
  2578 | D:3      | Found a burning altar of Makhleb.
  2676 | D:4      | Killed from afar by an orc wizard

Illustrated notes

Levels and vault maps discovered:
D:1:      lightli_molten_gateway, layout_rooms, due_unseen_surprise
D:2:      layout_basic, lemuel_doored_altar, xom_butterflies,
          lemuel_statue_altar
D:3:      layout_loops_ring, nicolae_overflow_crystal_walls,
          lemuel_coloured_pillars_altar, kennysheep_pointless_box
D:4:      layout_cave_pools, grunt_temple_overflow_gold_and_silver,
          gup_sewer_entry_spiral

Skill      XL: |  1  2  3 |
---------------+----------+-----
Axes           | 5 6 |  6.7
Fighting       | |  3.7
Armour         | |  0.4
Dodging        | |  2.4
Stealth        | |  1.5

Action                   |  1- 3 |  4- 6 || total
-------------------------+-------+-------++-------
Melee: Hand axe          |   153 |       ||   153
       War axe           |       |    49 ||    49
  Use: Scroll            |     1 |     4 ||     5
       Potion            |     1 |       ||     1
Armor: Robe              |    10 |       ||    10
       Chain mail        |    69 |    36 ||   105
Dodge: Dodged            |    48 |    24 ||    72

Table legend: (Time is in decaauts)
 A = Elapsed time spent in this place.
 B = Non-inter-level travel time spent in this place.
 C = Inter-level travel time spent in this place.
 D = Time resting spent in this place.
 E = Time spent auto-exploring this place.
 F = Levels seen in this place.
 G = Mean time per level.
                   A        B        C        D        E       F      G
               +--------+--------+--------+--------+--------+-----+--------+
         Total |   2688 |   2594 |     94 |      0 |   2182 |   4 |  672.0 |
       Dungeon |   2688 |   2594 |     94 |      0 |   2182 |   4 |  672.0 |
               +--------+--------+--------+--------+--------+-----+--------+

Top non-repeatable levels by time:
     D:2: 1105 daAuts
     D:3: 777 daAuts
     D:1: 737 daAuts
     D:4: 67 daAuts
